 Dungeon Crawl Stone Soup version 0.31-a0-1616-gbeaec30b81 (webtiles) character file.

Game seed: 3323619609465346907

12224 RepHenryClay the Thaumaturge (level 11, -5/87 HPs)
             Began as a Gnoll Warper on Jan 10, 2024.
             Was a High Priest of Cheibriados.
             Slain by an ogre
             ... wielding a +0 giant spiked club
              (29 damage)
             ... on level 1 of the Orcish Mines on Jan 11, 2024.
             The game lasted 00:26:41 (9555 turns).

RepHenryClay the Thaumaturge (Gnoll Warper)         Turns: 9555, Time: 00:26:41

Health: -5/87      AC: 19    Str: 23    XL:     11   Next: 90%
Magic:  11/23      EV: 16    Int: 25    God:    Cheibriados [*****.]
Gold:   347        SH:  0    Dex: 29    Spells: 15/27 levels left

rFire   + . .        a - +3 flail (protect)
rCold   + . .        (no shield)
rNeg    . . .        n - +1 chain mail {rPois}
rPois   +            (helmet restricted)
rElec   .            u - scarf {rC+ rF+}
rCorr   .            j - +2 pair of gloves
SInv    .            g - +0 pair of boots
Will    .....        m - amulet of faith
Stlth   ++           (no ring)
HPRegen 0.34/turn    (no ring)
MPRegen 0.18/turn

%: faith
@: under a protective aura, very slow
A: fangs 1, strong nose, distributed training, horns 1, agile 1, deformed body
a: Renounce Religion, Bend Time, Temporal Distortion, Slouch, Step From Time


You were on level 1 of the Orcish Mines.
You worshipped Cheibriados.
Cheibriados was extremely pleased with you.
You visited 3 branches of the dungeon, and saw 11 of its levels.
You also visited: Bailey.

You collected 579 gold pieces.
You spent 232 gold pieces at shops.

Inventory:

Hand Weapons
 a - a +3 flail of protection (weapon)
 b - a +4 battleaxe
 h - a +0 flail
 p - a +0 morningstar
 q - a +4 heavy flail
 s - a +2 dagger of pain
Missiles
 d - 6 darts of dispersal
 y - 22 poisoned darts (quivered)
 M - a curare-tipped dart
Armour
 g - a +0 pair of boots (worn)
 j - a +2 pair of gloves (worn)
 n - a +1 chain mail of poison resistance (worn)
 u - a scarf of resistance (worn)
 w - a +0 helmet
 z - a +1 ring mail of willpower
 N - +0 acid dragon scales
Jewellery
 k - a ring of magical power
 m - an amulet of faith (around neck)
 K - the ring of Satisfaction {Fire rPois Str+2 Int-2 Dex+6}
   (You found it on level 7 of the Dungeon)

   [ring of fire]

   Fire:      It enhances your fire magic.
   Str+2:     It affects your strength (+2).
   Int-2:     It affects your intelligence (-2).
   Dex+6:     It affects your dexterity (+6).
   rF+:       It protects you from fire.
   rC-:       It makes you vulnerable to cold.
   rPois:     It protects you from poison
Wands
 t - a wand of mindburst (14)
 x - a wand of charming (13)
 C - a wand of iceblast (6)
 E - a wand of flame (44)
 P - a wand of digging (5)
Scrolls
 f - a scroll of amnesia
 l - a scroll of noise
 B - 2 scrolls of enchant armour
 D - a scroll of enchant weapon
 F - 2 scrolls of brand weapon {unknown}
 G - 2 scrolls of fear {unknown}
 H - 3 scrolls of teleportation {unknown}
 L - 2 scrolls of poison
 O - a scroll of vulnerability
 Q - a scroll of fog {unknown}
 R - 2 scrolls of identify {@r1}
 T - a scroll of revelation {unknown}
Potions
 c - 3 potions of magic
 e - a potion of resistance
 i - 2 potions of might {unknown}
 o - 2 potions of mutation
 v - a potion of attraction
 A - 3 potions of lignification
 I - 3 potions of haste
 J - 2 potions of invisibility {unknown}
 S - a potion of curing


   Skills:
 + Level 8.6 Fighting
 + Level 7.2 Short Blades
 + Level 7.2 Long Blades
 + Level 7.2 Axes
 + Level 8.6 Maces & Flails
 + Level 7.2 Polearms
 + Level 7.2 Staves
 + Level 7.2 Ranged Weapons
 + Level 7.7 Throwing
 + Level 7.7 Armour
 + Level 8.6 Dodging
 + Level 7.2 Stealth
 + Level 7.2 Shields
 + Level 7.2 Unarmed Combat
 + Level 8.9 Spellcasting
 + Level 6.0 Conjurations
 + Level 6.0 Hexes
 + Level 6.0 Summonings
 + Level 6.0 Necromancy
 + Level 8.2 Translocations
 + Level 6.0 Fire Magic
 + Level 6.0 Ice Magic
 + Level 6.0 Air Magic
 + Level 6.0 Earth Magic
 + Level 6.0 Alchemy
 + Level 7.9 Invocations
 + Level 7.2 Evocations
 + Level 6.6 Shapeshifting


You had 15 spell levels left.
You knew the following spells:

 Your Spells              Type           Power      Damage    Failure   Level
a - Manifold Assault      Tloc           51%        N/A       10%         4
b - Lesser Beckoning      Tloc           100%       N/A       1%          2
c - Vhi's Electric Charg  Tloc/Air       92%        N/A       14%         4
Q - Blink                 Tloc           100%       N/A       1%          2

Your spell library contained the following spells:

 Spells                   Type           Power      Damage    Failure   Level
 Freeze                   Ice            100%       1d10      2%          1
 Teleport Other           Tloc           51%        N/A       2%          3
 Ensorcelled Hibernation  Hex/Ice        82%        N/A       3%          2
 Frozen Ramparts          Ice            82%        1d13      7%          3
 Hailstorm                Conj/Ice       41%        3d9       7%          3
 Passwall                 Erth           41%        N/A       7%          3
 Swiftness                Air            41%        N/A       7%          3


Dungeon Overview and Level Annotations

Branches:
Dungeon (9/15)             Temple (1/1) D:4             Orc (1/2) D:9
 Bailey (visited)
   Lair: D:8-11

Altars:
Ashenzari
Cheibriados
Dithmenos
Elyvilon
Fedhas
Gozag
Hepliaklqana
Kikubaaqudgha
Makhleb
Nemelex Xobeh
Okawaru
Qazlal
Ru
Sif Muna
Trog
Vehumet
Wu Jian
Xom
Yredelemnul
Zin
The Shining One

Shops:
D:1 [[   D:5 *

Annotations:
D:2 1 runed translucent door, Crazy Yiuf


Innate Abilities, Weirdness & Mutations

You have very sharp teeth.
Your uncanny sense of smell can sniff out nearby items.
Your experience applies equally to all skills.
You have a pair of small horns on your head.
You are agile. (Dex +4, Str/Int -1)
Armour fits poorly on your strangely shaped body.


Message History

Welcome back, RepHenryClay the Gnoll Warper.
Cheibriados says: Take it easy.
Press ? for a list of commands and other information.
You feel much better. The orc warrior barely misses you.
The orc warrior hits you with a +0 glaive.
* * * LOW HITPOINT WARNING * * *
The troll bites you but does no damage. The troll misses you.
The troll claws you but does no damage.
Activating: Slouch (6% risk of failure)
Press: ? - help, Dir - look around, f - activate You can feel time thicken for a moment.
You kill the orc warrior!
Cheibriados appreciates the change of pace.
You kill the orc warrior!
Cheibriados appreciates the change of pace.
You slash the troll!
The troll is severely wounded.
The troll misses you. The troll claws you but does no damage.
The troll misses you.
Your +3 flail of protection hums with potential!
a - a +3 flail of protection (weapon)
The ogre barely misses you. The troll bites you.
* * * LOW HITPOINT WARNING * * *
The troll claws you but does no damage. The troll claws you!
* * * LOW HITPOINT WARNING * * *
Huge Dmg: -14%(-12hp) hp: 27%(23hp) Welcome back, RepHenryClay the Gnoll Warper.
Cheibriados says: Take it easy.
Press ? for a list of commands and other information.
You closely miss the troll.
The troll is severely wounded.
You hit the troll.
Your weapon exudes an aura of protection.
The troll is severely wounded.
The ogre closely misses you. The troll bites you but does no damage.
The troll completely misses you. x2
You hit the troll but do no damage.
The troll is severely wounded.
The ogre hits you with a +0 giant spiked club!!
You die...

......$...#....
..............#.
.$.[...........
.##)............
.....(.$........
...........>....
.......O[.......
......[@<>......
.#.##.T.)...#...
.....[.#......$
#..........#....
................
................
................
^..........#...


You could see a troll (slow) and an ogre.

Vanquished Creatures
  An orc warlord (Bailey)
  Pikel (D:8)
  Joseph (D:9)
  Maggie (D:8)
  A troll (D:9)
  A wyvern (D:8)
  12 yaks
  A steam dragon (D:9)
  Edmund (D:5)
  2 water moccasins (D:7)
  2 ice beasts
  2 black bears
  9 orc warriors
  4 sky beasts
  An ogre (D:6)
  2 phantoms (D:4)
  2 kobold brigands
  2 centaurs
  Blork the orc (D:6)
  A gnoll sergeant (D:9)
  3 scorpions
  5 necrophages (D:5)
  11 wights
  3 killer bees (D:9)
  A howler monkey (D:9)
  A bullfrog zombie (D:5)
  A human zombie (D:5)
  2 orc priests
  A gnoll bouda (D:8)
  An iguana (D:6)
  Jessica (D:2)
  3 orc wizards
  Ijyb (D:5)
  Natasha (D:3)
  A hound zombie (D:5)
  A howler monkey zombie (D:5)
  8 gnolls
  10 adders
  3 shadow imps
  A white imp (D:8)
  4 ufetubi
  2 adder zombies (D:5)
  5 dart slugs
  A ribbon worm (D:4)
  41 orcs
  2 ball pythons
  9 endoplasms
  5 giant cockroaches
  15 goblins
  5 hobgoblins
  25 kobolds
  3 quokkas
  3 bats
  4 frilled lizards
  A rat (D:3)
232 creatures vanquished.

Vanquished Creatures (collateral kills)
  A water moccasin (D:9)
  A gnoll (D:9)
2 creatures vanquished.

Vanquished Creatures (others)
  2 yaks (D:9)
2 creatures vanquished.

Grand Total: 236 creatures vanquished

Notes
Turn   | Place    | Note
-------+----------+-------------------------------------------
     0 | D:1      | RepHenryClay the Gnoll Warper began the quest for the Orb.
     0 | D:1      | Reached XP level 1. HP: 20/20 MP: 6/6
    39 | D:1      | HP: 1/20 [giant cockroach (1)]
   165 | D:1      | Reached XP level 2. HP: 26/26 MP: 7/7
   168 | D:1      | Learned a level 2 spell: Blink
   171 | D:1      | Learned a level 2 spell: Lesser Beckoning
   180 | D:1      | Found Omas's Armour Shop.
   311 | D:1      | Found Josmyb's Antique Armour Shoppe.
   705 | D:2      | Reached skill level 5 in Spellcasting
   705 | D:2      | Reached XP level 3. HP: 31/31 MP: 7/9
   907 | D:2      | Reached skill level 1 in Invocations
   958 | D:2      | Reached skill level 1 in Short Blades
   958 | D:2      | Reached skill level 1 in Long Blades
   958 | D:2      | Reached skill level 1 in Axes
   958 | D:2      | Reached skill level 1 in Polearms
   958 | D:2      | Reached skill level 1 in Staves
   958 | D:2      | Reached skill level 1 in Ranged Weapons
   958 | D:2      | Reached skill level 1 in Stealth
   958 | D:2      | Reached skill level 1 in Shields
   958 | D:2      | Reached skill level 1 in Unarmed Combat
   958 | D:2      | Reached skill level 1 in Evocations
  1023 | D:2      | Noticed Jessica
  1046 | D:2      | Killed Jessica
  1047 | D:2      | Reached skill level 1 in Shapeshifting
  1047 | D:2      | Reached XP level 4. HP: 31/38 MP: 11/11
  1120 | D:2      | Reached skill level 1 in Conjurations
  1120 | D:2      | Reached skill level 1 in Hexes
  1120 | D:2      | Reached skill level 1 in Summonings
  1120 | D:2      | Reached skill level 1 in Necromancy
  1120 | D:2      | Reached skill level 1 in Fire Magic
  1120 | D:2      | Reached skill level 1 in Ice Magic
  1120 | D:2      | Reached skill level 1 in Air Magic
  1120 | D:2      | Reached skill level 1 in Earth Magic
  1120 | D:2      | Reached skill level 1 in Alchemy
  1447 | D:2      | Found a runed translucent door.
  1448 | D:2      | Noticed Crazy Yiuf
  1602 | D:2      | Learned a level 4 spell: Manifold Assault
  1607 | D:2      | Learned a level 4 spell: Vhi's Electric Charge
  1713 | D:2      | Reached XP level 5. HP: 40/43 MP: 12/12
  1770 | D:3      | Noticed Natasha
  2056 | D:4      | Noticed a phantom
  2069 | D:4      | Killed a phantom
  2184 | D:4      | Reached XP level 6. HP: 50/50 MP: 13/13
  2187 | D:4      | Noticed a sky beast
  2412 | D:3      | Reached skill level 5 in Fighting
  2412 | D:3      | Reached skill level 5 in Maces & Flails
  2412 | D:3      | Reached skill level 5 in Dodging
  2441 | D:3      | Killed Natasha
  2670 | D:4      | Killed a sky beast
  2698 | D:4      | Found a staircase to the Ecumenical Temple.
  2729 | Temple   | Entered the Ecumenical Temple
  2742 | Temple   | Became a worshipper of Cheibriados the Contemplative
  2786 | D:4      | Reached XP level 7. HP: 41/56 MP: 15/15
  2989 | D:4      | Found a burning altar of Makhleb.
  2991 | D:4      | Noticed an Executioner
  2995 | D:4      | Found a glowing silver altar of Zin.
  2995 | D:4      | Noticed an angel
  3343 | D:5      | Entered Level 5 of the Dungeon
  3403 | D:5      | Noticed Ijyb
  3410 | D:5      | Killed Ijyb
  3542 | D:1      | Bought a runed scarf for 232 gold pieces
  3734 | D:5      | Found Emnutuma's Assorted Antiques.
  3809 | D:5      | Noticed Edmund
  3820 | D:5      | Killed Edmund
  3924 | D:5      | Found a bloodstained altar of Trog.
  3942 | D:5      | Found an ancient bone altar of Kikubaaqudgha.
  3963 | D:5      | Reached XP level 8. HP: 62/63 MP: 16/16
  3974 | D:5      | Reached * piety under Cheibriados
  4213 | D:6      | Found a broken altar of Ashenzari.
  4304 | D:6      | Noticed Blork the orc
  4310 | D:6      | Killed Blork the orc
  4392 | D:6      | Reached ** piety under Cheibriados
  4667 | D:6      | Reached XP level 9. HP: 66/69 MP: 18/18
  4802 | D:6      | Reached skill level 5 in Throwing
  4802 | D:6      | Reached skill level 5 in Armour
  5610 | D:7      | Found a flagged portal.
  5633 | Bailey   | Entered a bailey
  5653 | Bailey   | Noticed an orc warlord
  5670 | Bailey   | Reached *** piety under Cheibriados
  5717 | Bailey   | Reached skill level 5 in Invocations
  5839 | Bailey   | Found a runed translucent gate.
  5841 | Bailey   | Found a runed translucent gate.
  5842 | Bailey   | Found a runed translucent gate.
  6000 | Bailey   | Gained mutation: Your muscles are strong. (Str +4, Int/Dex
                  | -1) [potion of mutation]
  6000 | Bailey   | Gained mutation: You sometimes lose your temper in combat.
                  | [potion of mutation]
  6000 | Bailey   | Gained mutation: You are partially covered in iridescent
                  | scales. (AC +2) [potion of mutation]
  6000 | Bailey   | Gained mutation: You are agile. (Dex +4, Str/Int -1)
                  | [potion of mutation]
  6001 | Bailey   | Lost mutation: You are partially covered in iridescent
                  | scales. (AC +2) [potion of mutation]
  6001 | Bailey   | Lost mutation: Your muscles are strong. (Str +4, Int/Dex
                  | -1) [potion of mutation]
  6001 | Bailey   | Gained mutation: Armour fits poorly on your strangely
                  | shaped body. [potion of mutation]
  6001 | Bailey   | Lost mutation: You sometimes lose your temper in combat.
                  | [potion of mutation]
  6001 | Bailey   | Gained mutation: You have a pair of small horns on your
                  | head. [potion of mutation]
  6062 | Bailey   | Killed an orc warlord
  6063 | Bailey   | Reached skill level 5 in Short Blades
  6063 | Bailey   | Reached skill level 5 in Long Blades
  6063 | Bailey   | Reached skill level 5 in Axes
  6063 | Bailey   | Reached skill level 5 in Polearms
  6063 | Bailey   | Reached skill level 5 in Staves
  6063 | Bailey   | Reached skill level 5 in Ranged Weapons
  6063 | Bailey   | Reached skill level 5 in Stealth
  6063 | Bailey   | Reached skill level 5 in Shields
  6063 | Bailey   | Reached skill level 5 in Unarmed Combat
  6063 | Bailey   | Reached skill level 5 in Evocations
  6063 | Bailey   | Reached XP level 10. HP: 15/79 MP: 17/20
  6313 | Bailey   | Reached skill level 5 in Conjurations
  6313 | Bailey   | Reached skill level 5 in Hexes
  6313 | Bailey   | Reached skill level 5 in Summonings
  6313 | Bailey   | Reached skill level 5 in Necromancy
  6313 | Bailey   | Reached skill level 5 in Fire Magic
  6313 | Bailey   | Reached skill level 5 in Ice Magic
  6313 | Bailey   | Reached skill level 5 in Air Magic
  6313 | Bailey   | Reached skill level 5 in Earth Magic
  6313 | Bailey   | Reached skill level 5 in Alchemy
  6313 | Bailey   | Reached skill level 5 in Shapeshifting
  6313 | Bailey   | Reached XP level 11. HP: 86/86 MP: 20/23
  6507 | D:7      | Found an opulent altar of Gozag.
  6508 | D:7      | Identified the ring of Satisfaction {Fire rPois Str+2 Int-2
                  | Dex+6}
  6821 | D:7      | Reached **** piety under Cheibriados
  7141 | D:7      | Found an iron altar of Okawaru.
  7427 | D:8      | Noticed Maggie
  7438 | D:8      | Killed Maggie
  7513 | D:8      | Found a white marble altar of Elyvilon.
  7513 | D:8      | Found a shadowy altar of Dithmenos.
  7963 | D:8      | Noticed Pikel
  7975 | D:8      | Killed Pikel
  8096 | D:8      | Found a glowing golden altar of the Shining One.
  8424 | D:9      | Reached ***** piety under Cheibriados
  8850 | D:9      | Noticed Joseph
  8885 | D:9      | Killed Joseph
  8985 | D:9      | Found a staircase to the Orcish Mines.
  9226 | D:9      | Found a sparkling altar of Nemelex Xobeh.
  9529 | Orc:1    | Entered Level 1 of the Orcish Mines
  9555 | Orc:1    | Slain by an ogre

Illustrated notes

Levels and vault maps discovered:
D:1:      scummos_arrival_simple_fountains, layout_rooms, serial_shops,
          nicolae_shop_getting_attention, shop, minivault_26,
          nicolae_houndstooth_variations
D:2:      layout_loops_ring, wander_ebering_terrifying_dragon_lair,
          uniq_crazy_yiuf_cottage, uniq_jessica
D:3:      layout_rooms, hex_intersection, uniq_natasha
D:4:      minmay_general_purpose_star, layout_cave_pools,
          grunt_temple_overflow_order_and_chaos_2, serial_rivers,
          chequers_serial_rivers_micro_c, chequers_serial_rivers_large_a,
          chequers_serial_rivers_micro_a, chequers_serial_rivers_micro_a
D:5:      layout_gridville, bloody_trog, lemuel_mausoleum_altar_kikubaaqudgha,
          serial_shops, shop, uniq_ijyb, uniq_edmund
D:6:      layout_layer_cave, mainiacjoe_overflow_alcove_1,
          nicolae_twisty_statue_hallways, uniq_blork_the_orc
D:7:      layout_basic, lemuel_crystal_altar, nicolae_gozag_seed_capital,
          enter_bailey_4, kennysheep_potato
D:8:      layout_loops_ring, nicolae_tso_carved_into_rock,
          mainiacjoe_overflow_large_starburst, uniq_maggie, uniq_pikel
D:9:      layout_long_grid, lemuel_round_altar, david_orc_2, uniq_joseph
Temple:   eino_temple_lava
Orc:1:    layout_caves, basic_altar

Skill      XL: |  1  2  3  4  5  6  7  8  9 10 11 |
---------------+----------------------------------+-----
Spellcasting   | 5 6 7 8 |  8.9
Invocations    | 1 2 3 4 5 7 |  7.9
Short Blades   | 1 2 3 5 6 7 |  7.2
Long Blades    | 1 2 3 5 6 7 |  7.2
Axes           | 1 2 3 5 6 7 |  7.2
Polearms       | 1 2 3 5 6 7 |  7.2
Staves         | 1 2 3 5 6 7 |  7.2
Ranged Weapons | 1 2 3 5 6 7 |  7.2
Stealth        | 1 2 3 5 6 7 |  7.2
Shields        | 1 2 3 5 6 7 |  7.2
Unarmed Combat | 1 2 3 5 6 7 |  7.2
Evocations     | 1 2 3 5 6 7 |  7.2
Shapeshifting  | 1 2 3 4 5 6 |  6.6
Conjurations   | 1 2 3 4 5 6 |  6.0
Hexes          | 1 2 3 4 5 6 |  6.0
Summonings     | 1 2 3 4 5 6 |  6.0
Necromancy     | 1 2 3 4 5 6 |  6.0
Fire Magic     | 1 2 3 4 5 6 |  6.0
Ice Magic      | 1 2 3 4 5 6 |  6.0
Air Magic      | 1 2 3 4 5 6 |  6.0
Earth Magic    | 1 2 3 4 5 6 |  6.0
Alchemy        | 1 2 3 4 5 6 |  6.0
Throwing       | 3 4 5 7 |  7.7
Armour         | 3 4 5 7 |  7.7
Fighting       | 5 6 7 8 |  8.6
Maces & Flails | 5 6 7 8 |  8.6
Dodging        | 5 6 7 8 |  8.6
Translocations | 6 7 8 |  8.2

Action                     |  1- 3 |  4- 6 |  7- 9 | 10-12 || total
---------------------------+-------+-------+-------+-------++-------
  Melee: Mace              |   120 |    50 |       |       ||   170
         Bite              |    15 |    17 |    38 |    43 ||   113
         Punch             |     1 |     5 |    10 |    19 ||    35
         Flail             |       |   145 |   311 |   279 ||   735
         Unarmed           |       |     6 |       |       ||     6
         Headbutt          |       |       |       |    64 ||    64
         Battleaxe         |       |       |       |     5 ||     5
  Throw: Dart              |       |     2 |    10 |     5 ||    17
   Cast: Lesser Beckoning  |       |     2 |       |     4 ||     6
         Blink             |       |     1 |       |       ||     1
         Manifold Assault  |       |       |       |     7 ||     7
         Vhi's Electric Ch |       |       |       |     1 ||     1
 Invoke: Bend Time         |       |       |     1 |     3 ||     4
         Slouch            |       |       |       |     2 ||     2
  Evoke: Wand              |       |       |    24 |     4 ||    28
    Use: Scroll            |       |     3 |     6 |       ||     9
         Potion            |       |     4 |     7 |     3 ||    14
   Stab: Sleeping          |     1 |       |     1 |     1 ||     3
 Armour: Leather armour    |    71 |    15 |       |       ||    86
         Ring mail         |       |   160 |   238 |       ||   398
         Skin              |       |     1 |       |       ||     1
         Chain mail        |       |       |       |   227 ||   227
  Dodge: Dodged            |    73 |   147 |   263 |   265 ||   748

Table legend: (Time is in decaauts)
 A = Elapsed time spent in this place.
 B = Non-inter-level travel time spent in this place.
 C = Inter-level travel time spent in this place.
 D = Time resting spent in this place.
 E = Time spent auto-exploring this place.
 F = Levels seen in this place.
 G = Mean time per level.
                   A        B        C        D        E       F      G
               +--------+--------+--------+--------+--------+-----+--------+
         Total |  12316 |  11478 |    838 |    932 |   8113 |  12 | 1026.3 |
       Dungeon |  11449 |  10620 |    829 |    716 |   7774 |   9 | 1272.1 |
        Temple |     23 |     15 |      8 |      0 |      0 |   1 |   23.0 |
  Orcish Mines |     27 |     27 |      0 |      0 |      0 |   1 |   27.0 |
        Bailey |    816 |    816 |      0 |    216 |    338 |   1 |  816.0 |
               +--------+--------+--------+--------+--------+-----+--------+

Top non-repeatable levels by time:
     D:6: 1777 daAuts
     D:7: 1734 daAuts
     D:9: 1667 daAuts
     D:8: 1491 daAuts
     D:2: 1140 daAuts
     D:4: 1107 daAuts
     D:5: 1044 daAuts
  Bailey: 816 daAuts
     D:1: 754 daAuts
     D:3: 732 daAuts
   Orc:1: 27 daAuts
  Temple: 23 daAuts
